 Dungeon Crawl Stone Soup version 0.31-a0-365-gcf821cafb2 (webtiles) character file.

Game seed: 16997706286925693545

188 backslashecho the Chopper (level 6, -6/51 HPs)
             Began as a Meteoran Warper on July 27, 2023.
             Mangled by a kobold brigand
             ... wielding a +0 club
              (9 damage)
             ... in a sewer.
             The game lasted 00:07:56 (973 turns).

backslashecho the Chopper (Meteoran Warper)          Turns: 973, Time: 00:07:57

Health: -6/51      AC:  4    Str: 14    XL:     6   Next: 20%
Magic:  11/11      EV: 12    Int: 15    God:
Gold:   72         SH:  4    Dex: 14    Spells: 9/11 levels left

rFire   . . .        a - +0 hand axe
rCold   . . .        m - +0 buckler
rNeg    . . .        b - +0 leather armour
rPois   .            (no helmet)
rElec   .            i - scarf {harm}
rCorr   .            n - +0 pair of gloves
SInv    .            (no boots)
Will    .....        (no amulet)
Stlth   +            j - ring of wizardry
HPRegen 0.28/turn    (no ring)
MPRegen 0.12/turn

%: harm (+30% outgoing, +20% incoming), wizardry (x1)
@: glowing
A: sense surroundings 1, otherworldly, glowing, explore regen
a: no special abilities


You were in a sewer.
You visited 1 branch of the dungeon, and saw 3 of its levels.
You also visited: Sewer.

You collected 94 gold pieces.
You spent 22 gold pieces at shops.

Inventory:

Hand Weapons
 a - a +0 hand axe (weapon)
Missiles
 d - 7 boomerangs of dispersal (quivered)
Armour
 b - a +0 leather armour (worn)
 i - a scarf of harm (worn)
 m - a +0 buckler (worn)
 n - a +0 pair of gloves (worn)
Jewellery
 j - a ring of wizardry (left hand)
Wands
 l - a wand of quicksilver (5)
Scrolls
 c - a scroll of blinking
 p - a scroll of teleportation
Potions
 e - a potion of might
 g - 2 potions of magic
 h - a potion of curing
 k - 2 potions of enlightenment
 o - a potion of heal wounds


   Skills:
 + Level 3.1 Fighting
 * Level 4.2 Axes
 + Level 2.7 Throwing
 - Level 2.0 Armour
 - Level 3.1 Dodging
 * Level 1.4 Shields
 - Level 3.0 Spellcasting
 - Level 4.1 Translocations


You had 9 spell levels left.
You knew the following spells:

 Your Spells              Type           Power      Damage    Failure   Level
a - Blink                 Tloc           28%        N/A       4%          2

Your spell library contained the following spells:

 Spells                   Type           Power      Damage    Failure   Level
 Lesser Beckoning         Tloc           28%        N/A       4%          2
 Teleport Other           Tloc           14%        N/A       8%          3
 Sandblast                Erth           4%         2d4       13%         1
 Vhi's Electric Charge    Tloc/Air       16%        N/A       17%         3
 Passwall                 Tmut/Erth      1%         N/A       21%         2
 Manifold Assault         Tloc           14%        N/A       24%         4
 Stone Arrow              Conj/Erth      4%         3d7       36%         3


Dungeon Overview and Level Annotations

Branches:
Dungeon (3/15) Zot: 989     Sewer (1/1) Zot: 375

Altars:
Yredelemnul

Shops:
D:1 (*?*


Innate Abilities, Weirdness & Mutations

You passively map a small area around you.
You are easily found by Zot.
You glow in the dark.
You regain HP and MP as you explore.


Message History

You feel sick.
You take 2 damage, and have 14/51 hp.
You feel sick.
You take 1 damage, and have 13/51 hp.
You feel sick.
You feel sick.
You take 1 damage, and have 12/51 hp.
You feel sick.
You are no longer poisoned.
You take 1 damage, and have 11/51 hp.
You hit the rat.
The rat is moderately wounded.
You block the rat's attack.
You hit the rat.
You kill the rat!
You barely miss the kobold brigand. The kobold brigand closely misses you.
You barely miss the kobold brigand.
The kobold brigand splashes around in the water.
You closely miss the kobold brigand.
The kobold brigand splashes around in the water.
You completely miss the kobold brigand.
The kobold brigand splashes around in the water.
The kobold brigand hits you with a +0 club.
* * * LOW HITPOINT WARNING * * *
You take 3 damage, and have 10/51 hp.
You hit the kobold brigand.
The kobold brigand is lightly wounded.
You block the kobold brigand's attack.
You hit the kobold brigand but do no damage.
The kobold brigand is lightly wounded.
The kobold brigand barely misses you.
Press: ? - help, v - describe, . - travel
Here: a kobold brigand, wielding a +0 club and quivering poisoned darts (lightly wounded) Some shallow water.
Unknown command.
Okay, then.
Unknown command.
You barely miss the kobold brigand.
The kobold brigand is lightly wounded.
You block the kobold brigand's attack.
You hit the kobold brigand but do no damage.
The kobold brigand hits you but does no damage.
You barely miss the kobold brigand.
The kobold brigand hits you with a +0 club!
* * * LOW HITPOINT WARNING * * *
You take 8 damage, and have 3/51 hp.
You hit the kobold brigand.
The kobold brigand is lightly wounded.
The kobold brigand hits you with a +0 club!
You die...

#)# ##~## #.# #~#
#.# #~# ##.## ##~##
##...## ##...## #
#...~.####~.~..#####
#.....~~~†..~~~≈≈≈≈≈
#..~.~####...~~##≈##
##~@~## ##~~.### ##
##K## ##≈##* * #~#
#≈# ,, #~# #≈# ∩ ,
#~# #≈# * #~#* #≈#
*...* ~~~ * * ... **
.~.~~ ∩


You could see a kobold brigand.

Vanquished Creatures
  A kobold brigand (Sewer)
  Ijyb (D:3)
  Terence (D:3)
  3 adders
  A river rat (Sewer)
  A dart slug (D:1)
  An orc (D:3)
  3 endoplasms
  2 hobgoblins (D:1)
  4 jackals (D:1)
  4 kobolds
  A quokka (D:1)
  5 ball pythons
  A bat (D:1)
  A frilled lizard (D:1)
  12 rats
42 creatures vanquished.

Notes
Turn   | Place    | Note
-------+----------+-------------------------------------------
     0 | D:1      | backslashecho the Meteoran Warper began the quest for the
                  | Orb.
     0 | D:1      | Reached XP level 1. HP: 17/17 MP: 5/5
    67 | D:1      | Found Lyiteoga's Antique Weapon Shop.
   122 | D:1      | Found Isaffa's Assorted Antiques.
   134 | D:1      | Reached XP level 2. HP: 17/24 MP: 6/6
   169 | D:1      | Found Dososaduse's Magic Scroll Boutique.
   197 | D:1      | Bought a scroll of identify for 22 gold pieces
   208 | D:1      | Learned a level 2 spell: Blink
   248 | D:1      | Reached XP level 3. HP: 24/30 MP: 8/8
   308 | D:1      | Found Ubeqit's General Store.
   413 | D:2      | Found a basalt altar of Yredelemnul.
   595 | D:3      | Noticed Ijyb
   610 | D:3      | Killed Ijyb
   611 | D:3      | Reached XP level 4. HP: 3/37 MP: 9/9
   671 | D:3      | Noticed Terence
   680 | D:3      | Killed Terence
   770 | D:3      | Found a glowing drain.
   787 | D:3      | Reached XP level 5. HP: 44/44 MP: 10/10
   792 | Sewer    | Entered a sewer
   903 | Sewer    | HP: 2/44 [adder (4)]
   921 | Sewer    | Noticed a kobold brigand
   934 | Sewer    | Killed a kobold brigand
   935 | Sewer    | Reached skill level 1 in Shields
   935 | Sewer    | Reached XP level 6. HP: 9/51 MP: 11/11
   973 | Sewer    | Mangled by a kobold brigand

Illustrated notes

Levels and vault maps discovered:
D:1:      wheals_arrival_linesprint, layout_basic, serial_shops, shop,
          nicolae_shop_waterfront, nicolae_shop_advertising_works
          [nicolae_subvault_shop_adworks], shop
D:2:      layout_loops_corners, basic_altar
D:3:      layout_loops_ring, mainiacjoe_overflow_alcove_2,
          gup_sewer_entry_glass, uniq_terence, uniq_ijyb
Sewer:    sewer_co_15_rooms

Skill      XL: |  1  2  3  4  5 |
---------------+----------------+-----
Axes           | 3 4 |  4.2
Spellcasting   | 3 |  3.0
Throwing       | 2 |  2.7
Translocations | 4 |  4.1
Armour         | 2 |  2.0
Dodging        | 3 |  3.1
Fighting       | 3 |  3.1
Shields        | 1 |  1.4

Action                     |  1- 3 |  4- 6 || total
---------------------------+-------+-------++-------
  Melee: Hand axe          |    93 |    95 ||   188
         Punch             |     1 |       ||     1
  Evoke: Wand              |       |     1 ||     1
    Use: Scroll            |     2 |     4 ||     6
         Potion            |     1 |     2 ||     3
 Armour: Leather armour    |    35 |    24 ||    59
  Dodge: Dodged            |    78 |    40 ||   118
  Block: Buckler           |       |    16 ||    16

Table legend: (Time is in decaauts)
 A = Elapsed time spent in this place.
 B = Non-inter-level travel time spent in this place.
 C = Inter-level travel time spent in this place.
 D = Time resting spent in this place.
 E = Time spent auto-exploring this place.
 F = Levels seen in this place.
 G = Mean time per level.
                   A        B        C        D        E       F      G
               +--------+--------+--------+--------+--------+-----+--------+
         Total |   1034 |   1002 |     32 |      0 |    140 |   4 |  258.5 |
       Dungeon |    811 |    779 |     32 |      0 |    131 |   3 |  270.3 |
         Sewer |    223 |    223 |      0 |      0 |      9 |   1 |  223.0 |
               +--------+--------+--------+--------+--------+-----+--------+

Top non-repeatable levels by time:
     D:1: 399 daAuts
   Sewer: 223 daAuts
     D:3: 205 daAuts
     D:2: 205 daAuts
